 Dungeon Crawl Stone Soup version 0.29-a0-1065-g47a6bb87d6 (webtiles) character file.

Game seed: 7018199241120833898

1284 Armakuni the Destroyer (level 8, -8/76 (85) HPs)
             Began as a Grey Draconian Conjurer on Aug 18, 2022.
             Was an Initiate of Vehumet.
             Mangled by a wight
             ... wielding a +4 morningstar of freezing
              (14 damage)
             ... on level 5 of the Dungeon.
             The game lasted 00:12:47 (5181 turns).

Armakuni the Destroyer (Grey Draconian Conjurer)    Turns: 5181, Time: 00:12:47

HP:   -8/76 (85)    AC: 11    Str:  9    XL:     8   Next: 29%
MP:   18/18         EV: 12    Int: 21    God:    Vehumet [......]
Gold: 258           SH:  0    Dex: 10    Spells: 9/20 levels left

rFire   . . .      SeeInvis .   a - +6 quarterstaff (vamp)
rCold   . . .      Faith    .   (shield currently unavailable)
rNeg    . . .      Spirit   .   (body armour unavailable)
rPois   .          Reflect  .   (helmet restricted)
rElec   .          Harm     .   b - scarf {+Inv}
rCorr   .          Rampage  .   (no gloves)
Will    .....                   (no boots)
Stlth   ..........              R - amulet of regeneration
HPRegen 1.02/turn               (no ring)
MPRegen 0.16/turn               (no ring)

@: berserking, heavily drained, very quick
A: AC +11, amphibious, unfitting armour, cold-blooded
a: Renounce Religion, Evoke Invisibility


You were on level 5 of the Dungeon.
You worshipped Vehumet.
Vehumet was noncommittal.
You visited 2 branches of the dungeon, and saw 7 of its levels.

You collected 258 gold pieces.

Inventory:

Hand Weapons
 a - a +6 vampiric quarterstaff (weapon)
 n - the +8 battleaxe of the Lusting Gods {vorpal, Will+ Str+3}
   (You found it on level 4 of the Dungeon)

   It inflicts extra damage upon your enemies.
   Str:       It affects your strength (+3).
   Will:      It increases your willpower.
Armour
 b - a scarf of invisibility (worn)
 i - a +0 cloak
Jewellery
 A - an amulet of the acrobat
 G - an amulet of guardian spirit
 R - an amulet of regeneration (around neck)
Wands
 s - a wand of quicksilver (16)
Scrolls
 c - 2 scrolls of teleportation
 e - 2 scrolls of summoning
 h - 2 scrolls of enchant armour
 k - a scroll of amnesia
 q - a scroll of poison
 r - a scroll of butterflies
 t - 3 scrolls of brand weapon
 v - a scroll of identify
Potions
 d - a potion of flight
 f - a potion of magic
 g - 2 potions of berserk rage
 j - 2 potions of lignification {unknown}
 l - a potion of ambrosia {unknown}
 m - a potion of degeneration {unknown}
 o - a potion of haste {unknown}
 p - a potion of mutation {unknown}
 u - a potion of brilliance {unknown}


   Skills:
 - Level 1.7 Dodging
 - Level 1.7 Stealth
 + Level 6.8 Spellcasting
 + Level 8.2 Conjurations


You had 9 spell levels left.
You knew the following spells:

 Your Spells              Type           Power      Damage    Failure   Level
c - Borgnjor's Vile Clut  Necr/Erth      3%         N/A       94%         5
m - Iskenderun's Mystic   Conj/Tloc      24%        2d7       17%         4
z - Searing Ray           Conj           82%        2d7       1%          2

Your spell library contained the following spells:

 Spells                   Type           Power      Damage    Failure   Level
 Foxfire                  Conj/Fire      96%        2x1d8     1%          1
 Magic Dart               Conj           100%       1d8       1%          1
 Conjure Flame            Conj/Fire      24%        6-21      4%          3
 Dazzling Flash           Conj/Hex       48%        N/A       4%          3
 Beastly Appendage        Tmut           14%        N/A       9%          1
 Flame Wave               Conj/Fire      24%        2d8       17%         4
 Fulminant Prism          Conj/Hex       12%        3d9       17%         4
 Inner Flame              Hex/Fire       7%         N/A       26%         3
 Alistair's Intoxication  Tmut/Pois      4%         N/A       94%         5
 Necromutation            Tmut/Necr      3%         N/A       100%        8


Dungeon Overview and Level Annotations

Branches:
Dungeon (6/15)             Temple (1/1) D:4

Altars:
Ashenzari
Dithmenos
Elyvilon
Fedhas
Gozag
Hepliaklqana
Makhleb
Okawaru
Sif Muna
Trog
Uskayaw
Vehumet
Wu Jian
Xom
Yredelemnul
Zin

Shops:
D:3 [


Innate Abilities, Weirdness & Mutations

Your dull iron-grey scales are very hard. (AC +11)
You are amphibious.
You cannot fit into any form of body armour.
You are cold-blooded and may be slowed by cold attacks.


Message History

You climb downwards.
The gnoll shouts! x2
The wight barely misses you.
The wight hits you with a +4 morningstar of freezing.
You feel drained. The wight freezes you.
There is a stone staircase leading up here.
The wight hits you with a +0 battleaxe!
You feel drained.
The wight hits you with a +4 morningstar of freezing.
The wight freezes you. The gnoll hits you with a +0 whip.
The gnoll hits you with a +0 flail.
You climb upwards.
There is a stone staircase leading down here.
Okay, then.
A red film seems to cover your vision as you go berserk!
You feel yourself moving faster!
You feel mighty! The wight barely misses you. The gnoll barely misses you.
The gnoll hits you with a +0 whip.
The wight hits you with a +4 morningstar of freezing!
* * * LOW HITPOINT WARNING * * *
You feel yourself slow down. The wight freezes you.
* * * LOW HITPOINT WARNING * * *
You thump the gnoll!
You feel better.
You tail-slap the gnoll, but do no damage.
The gnoll is almost dead.
The wight closely misses you. The gnoll barely misses you. x2
The wight hits you with a +4 morningstar of freezing.
* * * LOW HITPOINT WARNING * * *
You feel drained.
* * * LOW HITPOINT WARNING * * *
The wight freezes you.
* * * LOW HITPOINT WARNING * * *
You barely miss the gnoll.
Your tail-slap misses the gnoll.
The gnoll is almost dead.
You feel yourself speed up. The wight hits you with a +0 battleaxe.
* * * LOW HITPOINT WARNING * * *
You feel drained.
* * * LOW HITPOINT WARNING * * *
The gnoll hits you but does no damage. x2; The wight misses you. x2
The wight hits you with a +4 morningstar of freezing!
You die...

######.##.#####...#
####........)# #...#
#............# #...#
####.##.........#####...#
#.......................#
#.##.##.................#
#.##............####....#
#.####..g.z.....####....#
###
#..##.#..@.........#....#
..#
##.#.##.zg......###.....#
#.# #<##.#.#######.#
#.....# #.# #.###.##
#.###.....#
#.#######.###.#
##...#.##.#
..^........##.#
#..##.##.#
>...#####..##.##
#####........# #.#.#
#..##.8####.8##........#
#.#.#
#..##.##...###.........#


You could see 2 wights and 2 gnolls.

Vanquished Creatures
  Sigmund (D:4)
  Menkaure (D:4)
  A sky beast (D:4)
  A black bear (D:5)
  2 phantoms (D:5)
  3 scorpions
  2 howler monkeys
  A jelly (D:5)
  A hound (D:5)
  Crazy Yiuf (D:2)
  2 orc wizards (D:4)
  Natasha (thrice) (D:4)
  An iguana (D:5)
  8 gnolls (D:2)
  5 adders
  A worm (D:5)
  2 dart slugs
  3 orcs
  5 ball pythons
  7 endoplasms
  2 giant cockroaches
  9 goblins
  2 hobgoblins
  4 kobolds
  5 quokkas
  2 bats
  2 frilled lizards
  7 rats
84 creatures vanquished.

Notes
Turn   | Place    | Note
-------+----------+-------------------------------------------
     0 | D:1      | Armakuni the Draconian Conjurer began the quest for the
                  | Orb.
     0 | D:1      | Reached XP level 1. HP: 14/14 MP: 3/3
   145 | D:1      | Found a faded altar of an unknown god.
   243 | D:1      | Reached XP level 2. HP: 20/20 MP: 1/5
   517 | D:1      | Learned a level 2 spell: Searing Ray
  1185 | D:2      | Reached XP level 3. HP: 8/26 MP: 2/7
  1571 | D:2      | Reached XP level 4. HP: 33/33 MP: 3/8
  1638 | D:2      | Reached skill level 5 in Conjurations
  2121 | D:2      | Found a runed translucent door.
  2122 | D:2      | Noticed Crazy Yiuf
  2130 | D:2      | Learned a level 4 spell: Iskenderun's Mystic Blast
  2135 | D:2      | Killed Crazy Yiuf
  2136 | D:2      | Reached XP level 5. HP: 11/38 MP: 2/10
  2649 | D:3      | Found Touruaps's Armour Shop.
  3217 | D:4      | Noticed Natasha
  3223 | D:4      | Killed Natasha
  3260 | D:4      | Noticed a sky beast
  3272 | D:4      | Killed a sky beast
  3273 | D:4      | Reached skill level 6 in Conjurations
  3273 | D:4      | Reached XP level 6. HP: 35/45 MP: 4/12
  3448 | D:4      | Found a staircase to the Ecumenical Temple.
  3450 | D:4      | Noticed Sigmund
  3466 | D:4      | Killed Sigmund
  3467 | D:4      | Reached skill level 5 in Spellcasting
  3467 | D:4      | Your scales start taking on a dull iron-grey colour.
  3467 | D:4      | Reached XP level 7. HP: 45/50 MP: 5/14
  3553 | D:4      | Got the Guidebook on Excavation and Permutations
  3562 | D:4      | Noticed Menkaure
  3566 | D:4      | Noticed Natasha
  3567 | D:4      | Killed Menkaure
  3568 | D:4      | Reached skill level 7 in Conjurations
  3571 | D:4      | Killed Natasha
  3637 | D:4      | Identified the +8 battleaxe of the Lusting Gods {vorpal,
                  | Will+ Str+3}
  3649 | Temple   | Entered the Ecumenical Temple
  3690 | Temple   | Became a worshipper of Vehumet
  3702 | D:4      | Found a broken altar of Ashenzari.
  3907 | D:4      | Noticed Natasha
  3911 | D:4      | Killed Natasha
  4088 | D:5      | Entered Level 5 of the Dungeon
  4452 | D:5      | Found a shimmering altar of Xom.
  4462 | D:5      | Reached XP level 8. HP: 57/57 MP: 5/17
  4468 | D:5      | Learned a level 5 spell: Borgnjor's Vile Clutch
  4621 | D:5      | Found a sand-covered staircase.
  4801 | D:5      | Reached skill level 8 in Conjurations
  4892 | D:5      | Found an ornate altar of the Wu Jian Council.
  5181 | D:5      | Mangled by a wight

Illustrated notes

Levels and vault maps discovered:
D:1:      elethiomel_arrival_shortcut, layout_loops_ring,
          chequers_ecumenical_altar_island
D:2:      layout_basic, uniq_crazy_yiuf_cottage
D:3:      layout_rooms, serial_shops, nicolae_shop_stone,
          minmay_misc_feat_more_columns
D:4:      layout_cave_pools, nicolae_overflow_crystal_walls,
          minmay_temple_entry_purple_smoke, uniq_sigmund, uniq_natasha,
          uniq_menkaure
D:5:      cheibrodos_iron_armory, layout_loops_ring,
          mainiacjoe_overflow_small_starburst, mainiacjoe_overflow_boulevard,
          lightli_ossuary_entry_decrepit_ruins
D:6:      layout_cave_pools, slow_altar_2, hangedman_ru_absence,
          biasface_ghost_orc_armoury, solitary_fountain, uniq_duvessa
Temple:   nicolae_temple_ecumenical_triangle

Skill      XL: |  1  2  3  4  5  6  7  8 |
---------------+-------------------------+-----
Spellcasting   | 3 4 5 6 |  6.8
Conjurations   | 5 6 7 8 |  8.2
Dodging        | |  1.7
Stealth        | |  1.7

Action                   |  1- 3 |  4- 6 |  7- 9 || total
-------------------------+-------+-------+-------++-------
Melee: Quarterstaff      |       |    22 |    26 ||    48
       Tailslap          |       |     2 |     3 ||     5
 Cast: Magic Dart        |    24 |       |       ||    24
       Searing Ray       |    12 |    28 |    19 ||    59
Evoke: Wand              |       |     1 |     1 ||     2
  Use: Potion            |     1 |       |     1 ||     2
       Scroll            |       |    11 |     4 ||    15
Armor: Skin              |     2 |    10 |    31 ||    43
Dodge: Dodged            |     7 |    23 |    49 ||    79

Table legend: (Time is in decaauts)
 A = Elapsed time spent in this place.
 B = Non-inter-level travel time spent in this place.
 C = Inter-level travel time spent in this place.
 D = Time resting spent in this place.
 E = Time spent auto-exploring this place.
 F = Levels seen in this place.
 G = Mean time per level.
                   A        B        C        D        E       F      G
               +--------+--------+--------+--------+--------+-----+--------+
         Total |   5198 |   5001 |    197 |   1464 |   2727 |   7 |  742.6 |
       Dungeon |   5147 |   4958 |    189 |   1464 |   2709 |   6 |  857.8 |
        Temple |     50 |     42 |      8 |      0 |     18 |   1 |   50.0 |
               +--------+--------+--------+--------+--------+-----+--------+

Top non-repeatable levels by time:
     D:2: 1416 daAuts
     D:1: 1116 daAuts
     D:5: 1082 daAuts
     D:4: 885 daAuts
     D:3: 631 daAuts
  Temple: 50 daAuts
     D:6: 14 daAuts
